 Dungeon Crawl Stone Soup version 0.28.0 (webtiles) character file.

Game seed: 5481475561289416809

46 Discosetron the Magician (level 3, 0/25 HPs)
             Began as a Djinni Earth Elementalist on Feb 16, 2022.
             Killed from afar by Sigmund (2 damage)
             ... with a puff of flame
             ... on level 2 of the Dungeon.
             The game lasted 00:02:15 (2204 turns).

Discosetron the Magician (DjEE)                     Turns: 2204, Time: 00:02:16

Health: 0/25       AC:  2    Str:  7    XL:     3   Next: 92%
Gold:   66         EV: 12    Int: 18    God:
                   SH:  0    Dex: 13

rFire   + + .      SeeInvis .   h - +0 spear (vamp)
rCold   x . .      Faith    .   (no shield)
rNeg    . . .      Spirit   .   b - +0 robe
rPois   ∞          Reflect  .   (no helmet)
rElec   .          Harm     .   (no cloak)
rCorr   .          Rampage  .   (no gloves)
Will    .....                   (boots unavailable)
Stlth   ++........              (no amulet)
HPRegen 0.08/turn               (no ring)
MPRegen 0.00/turn               (no ring)

@: brilliant, flying
A: sickness immunity, fire resistance 2, cold vulnerability 1, float, innate
caster, HP casting, extra vitality 1
a: no special abilities


You were on level 2 of the Dungeon.
You visited 1 branch of the dungeon, and saw 2 of its levels.

You collected 66 gold pieces.

Inventory:

Hand Weapons
 h - a +0 vampiric spear (weapon)
Missiles
 c - 16 stones
 d - 6 javelins
Armour
 b - a +0 robe (worn)
Scrolls
 e - 2 scrolls of identify {unknown}
Potions
 g - a potion of brilliance


   Skills:
 - Level 2.1 Dodging
 - Level 1.5 Stealth
 + Level 3.5 Spellcasting


You couldn't memorise any spells.
You knew the following spells:

 Your Spells              Type           Power      Damage    Failure   Level
a - Pain                  Necr           96%        1d8       3%          1
b - Passwall              Tmut/Erth      20%        N/A       5%          2
c - Stone Arrow           Conj/Erth      48%        3d10      11%         3
d - Petrify               Tmut/Erth      24%        N/A       34%         4
e - Sandblast             Erth           48%        2d12      3%          1
Your spell library was empty.

Dungeon Overview and Level Annotations

Branches:
Dungeon (2/15)

Altars:

Shops:
D:1 :

Annotations:
D:2 Sigmund


Innate Abilities, Weirdness & Mutations

You are immune to sickness and miasma.
You are immune to poison.
Your flesh is very heat resistant. (rF++)
You are vulnerable to cold. (rC-)
You float through the air rather than walking.
You learn spells naturally, not from books.
Your magical power is your life essence.
You have superior vitality. (+4 MHP)


Message History

Casting: Pain (safe; 3% risk of failure)
Confirm with . or Enter, or press ? or * to list all spells.
Aiming: Pain (safe; 3% risk of failure)
Press: ? - help, Shift-Dir - straight line You feel a surge of power!
Something writhes in agony.
Casting: Pain (safe; 3% risk of failure)
Confirm with . or Enter, or press ? or * to list all spells.
Aiming: Pain (safe; 3% risk of failure)
Press: ? - help, Shift-Dir - straight line You feel a surge of power!
Something writhes in agony.
Something hits you.
Casting: Pain (safe; 3% risk of failure)
Confirm with . or Enter, or press ? or * to list all spells.
Aiming: Pain (safe; 3% risk of failure)
Press: ? - help, Shift-Dir - straight line You feel a surge of power!
Something writhes in agony!
Casting: Pain (safe; 3% risk of failure)
Confirm with . or Enter, or press ? or * to list all spells.
Aiming: Pain (safe; 3% risk of failure)
Press: ? - help, Shift-Dir - straight line You feel a surge of power!
Something writhes in agony.
* * * LOW HITPOINT WARNING * * *
Something hits you.
* * * LOW HITPOINT WARNING * * *
Casting: Pain (safe; 3% risk of failure)
Confirm with . or Enter, or press ? or * to list all spells.
Aiming: Pain (safe; 3% risk of failure)
Press: ? - help, Shift-Dir - straight line You feel a surge of power!
Something writhes in agony.
* * * LOW HITPOINT WARNING * * *
You hear some strange, mumbled words.
A puff of flame appears from out of thin air!
The puff of flame hits you. You resist.
* * * LOW HITPOINT WARNING * * *
Reach: h) +0 spear (vamp)
Press: ? - help, Dir - move target You reach to attack!
You barely miss something.
You hear some strange, mumbled words.
A puff of flame appears from out of thin air!
The puff of flame hits you. You resist.
You die...

##+##.#.#.#.##.## .. . #.
......#.#.#..#..... ...#. ### #.
................... ...#.###.. ..
......##..#..##.#.##.......#.# #.
#.###........##..........#.#.# #.
#...<..#.....##.#............###.
)......................#.#.#.....
...#.###..#####....# ..#.#.....#.
...#.# #......{.@..##..#.###.#.#.
...#.###..###......##........#.#.
..........##....#.....##.###.#.#.
...#..##..##....#..##.##.##......
...#..##..##.................†...
....................##.#.#.......
..........#.........##.#.#.#'#...
.....###..#..#..##...............
###.......#..#..##..##.#.#.......


There were no monsters in sight!

Vanquished Creatures
  3 worms (D:2)
  2 dart slugs (D:1)
  3 endoplasms
  A giant cockroach (D:1)
  3 goblins (D:1)
  4 hobgoblins
  2 quokkas (D:1)
  3 ball pythons (D:1)
  6 bats (D:1)
  4 rats
31 creatures vanquished.

Notes
Turn   | Place    | Note
-------+----------+-------------------------------------------
     0 | D:1      | Discosetron the Djinni Earth Elementalist began the quest
                  | for the Orb.
     0 | D:1      | Reached XP level 1. HP: 15/15 MP: 0/0
   239 | D:1      | Reached XP level 2. HP: 16/21 MP: 0/0
   455 | D:1      | Reached skill level 3 in Spellcasting
   568 | D:1      | Reached XP level 3. HP: 22/25 MP: 0/0
   568 | D:1      | Learned a level 1 spell: Pain
   992 | D:1      | Found Voschu Veabb's Book Shoppe.
  2175 | D:2      | Noticed Sigmund
  2203 | D:2      | HP: 1/25 [something/puff of flame (3)]
  2204 | D:2      | Killed from afar by Sigmund

Illustrated notes

Levels and vault maps discovered:
D:1:      dpeg_arrival_connections, layout_loops_ring, serial_shops, shop
D:2:      layout_basic, corexii_hall_statues_deadend, uniq_sigmund

Skill      XL: |  1  2 |
---------------+-------+-----
Spellcasting   | 3 |  3.5
Dodging        | |  2.1
Stealth        | |  1.5

Action                   || total
-------------------------++-------
Melee: Spear             ||     1
Throw: Javelin           ||    22
 Cast: Sandblast         ||    14
       Pain              ||    51
  Use: Potion            ||     3
Armor: Robe              ||     1
Dodge: Dodged            ||     7
